 Dungeon Crawl Stone Soup version 0.21.1-1-g345015fe64 (webtiles) character file.

95011 Peloso the Fencer (level 15, -5/139 HPs)
             Began as a Minotaur Fighter on Feb 10, 2018.
             Was the Champion of Okawaru.
             Killed from afar by a blizzard demon (46 damage)
             ... with a bolt of cold
             ... on level 3 of the Abyss.
             The game lasted 01:19:43 (26783 turns).

Peloso the Fencer (Minotaur Fighter)               Turns: 26783, Time: 01:19:44

Health: -5/139     AC: 33    Str: 26    XL:     15   Next: 65%
Magic:  15/15      EV:  9    Int:  5    God:    Okawaru [******]
Gold:   2387       SH: 22    Dex: 13    Spells: 14/14 levels left

rFire    + . .     SeeInvis +   X - +8 double sword "Bubriul" {protect, rPois rN+}
rCold    . . .     Gourm    .   i - +0 large shield {AC+3}
rNeg     + . .     Faith    .   b - +2 plate armour {rF+}
rPois    +         Spirit   .   v - +2 hat {MR+}
rElec    .         Reflect  .   O - +0 cloak {MR+}
rCorr    .         Harm     .   a - +3 pair of gauntlets of War {Slay+5}
MR       +++..                  g - +2 pair of boots {run}
Stlth    ..........             (no amulet)
HPRegen  0.33/turn              n - ring of see invisible
MPRegen  0.14/turn              x - +2 ring of dexterity

@: about to teleport, quick
A: retaliatory headbutt, horns 2
a: Heroism, Finesse, Renounce Religion


You were on level 3 of the Abyss.
You worshipped Okawaru.
Okawaru was exalted by your worship.
You were not hungry.

You visited 4 branches of the dungeon, and saw 24 of its levels.
You visited the Abyss 1 time.
You also visited: Labyrinth, Ossuary, Ice Cave and Volcano.

You collected 2387 gold pieces.

Inventory:

Hand Weapons
 s - a +0 scimitar of flaming
 X - the +8 double sword "Bubriul" (weapon) {protect, rPois rN+}
   (Okawaru gifted it to you on level 12 of the Dungeon)

   It protects the one who uses it against injury (+AC on strike).
   It protects you from poison.
   It protects you from negative energy.
Armour
 a - the +3 pair of gauntlets of War (worn) {Slay+5}
   (You found it in an ice cave)

   It affects your accuracy and damage with ranged weapons and melee attacks
   (+5).
 b - a +2 plate armour of fire resistance (worn)
 g - a +2 pair of boots of running (worn)
 i - a +0 large shield of protection (worn)
 v - a +2 hat of magic resistance (worn)
 O - a +0 cloak of magic resistance (worn)
 Q - a +2 pair of boots of running
Jewellery
 c - the ring "Ejoleff" {*Tele rF+ MP-9 Int+3}
   (You found it on level 15 of the Dungeon)

   [ring of teleportation]

   It may teleport you next to monsters.
   It affects your intelligence (+3).
   It protects you from fire.
   It affects your magic capacity (-9).
 n - a ring of see invisible (left hand)
 t - an uncursed ring of flight
 x - a +2 ring of dexterity (right hand)
Wands
 j - a wand of paralysis (10)
 A - a wand of digging (21)
Scrolls
 m - a scroll of fear
 o - 11 scrolls of teleportation
 p - a scroll of enchant weapon
 q - 11 scrolls of remove curse
 w - 8 scrolls of identify
 J - 3 scrolls of summoning
 L - 4 scrolls of magic mapping
 R - 3 scrolls of blinking
Potions
 d - 8 potions of might
 e - 3 potions of invisibility
 h - 4 potions of flight
 k - 4 potions of resistance
 l - 7 potions of curing
 r - 3 potions of agility
 z - 3 potions of berserk rage
 M - 3 potions of haste
 N - a potion of heal wounds
Books
 y - a book of Clouds

   Spells                             Type                      Level
   a - Poisonous Vapours              Poison/Air                   2
   b - Mephitic Cloud                 Conjuration/Poison/Air       3
   c - Conjure Flame                  Conjuration/Fire             3
   d - Freezing Cloud                 Conjuration/Ice/Air          6
   e - Ring of Flames                 Charms/Fire                  7
Comestibles
 f - 42 rations


   Skills:
 + Level 14.3 Fighting
 + Level 17.9 Long Blades
   Level 2.4 Axes
 + Level 14.4 Armour
 + Level 5.6 Dodging
 + Level 2.8 Stealth
 + Level 17.1 Shields
 + Level 0.2 Invocations
 + Level 1.3 Evocations


You had 14 spell levels left.
You didn't know any spells.

Dungeon Overview and Level Annotations

Branches:
Dungeon (15/15)            Temple (1/1) D:6            Lair (6/6) D:9
 Shoals (0/4) Lair:3       Spider (0/4) Lair:3        Slime (0/5) Lair:5
    Orc (2/2) D:11            Elf (0/3) Orc:2        Vaults (0/5) D:14
 Depths (0/5) D:15

Altars:
Ashenzari
Cheibriados
Dithmenos
Fedhas
Gozag
Hepliaklqana
Kikubaaqudgha
Makhleb
Nemelex Xobeh
Okawaru
Qazlal
Ru
Sif Muna
Trog
Uskayaw
Vehumet
Wu Jian
Xom
Yredelemnul
Zin
The Shining One
Beogh

Shops:
Orc:2 }(}?

Annotations:
D:15 Rupert
Lair:3 exclusion: oklob plant
Lair:5 exclusion: 3 oklob plants


Innate Abilities, Weirdness & Mutations

You reflexively headbutt those who attack you in melee.
You have a pair of horns on your head.


Message History

You feel the power of the Abyss delaying your translocation!
The smoke demon gestures at you. The ball of steam hits you!
The smoke demon gestures at you. The sticky flame hits you! You resist.
You are covered in liquid flames!
You are covered in liquid flames!
You see here 19 arrows.
You feel better.
You are covered in liquid flames!
The smoke demon gestures at you. The ball of steam hits you!
You are covered in liquid flames!
The smoke demon gestures at you. Something smites you!
* * * LOW HITPOINT WARNING * * *
You are covered in liquid flames!
The blizzard demon gestures at you. The bolt of cold hits you!
You die...

### ####..#
#.@#.## # ##§#...#
# .#(#.#.# #
.#..#§#.## 8 8
#....#32.# ≈§2h
#.##.####l##8.h≈φ≈
.. #....#.#..
≈≈.≈. ##
#.##..##.##≈≈≈8≈
#. # #. # ..#.#


You could see a blizzard demon and a basilisk shaped shifter.

Vanquished Creatures
  Agnes (D:15)
  An orc warlord (Orc:2)
  A reaper (IceCv)
  A starcursed mass (Abyss:3)
  The ghost of flt the Fighter, a journeyman TrMo of Wu Jian (Lair:2)
  Nessos (Lair:4)
  A dire elephant (Lair:6)
  A minotaur (Lab)
  Fannar (D:12)
  5 vault guards (D:14)
  A rakshasa (D:15)
  4 centaur warriors
  5 hydras
  2 catoblepae
  10 two-headed ogres
  A deep troll shaman (Lair:6)
  A hell hog (Volcano)
  3 death yaks (Lair:6)
  4 orc high priests
  5 slime creatures
  A wretched star (Abyss:3)
  A glowing orange brain (D:15)
  An unseen horror (Abyss:3)
  A large abomination (Abyss:3)
  5 orc knights
  An orb spider (Lair:3)
  A manticore (D:12)
  6 ugly things
  3 salamanders
  9 orc sorcerers
  3 cyclopes
  2 deep elf magi
  3 elephants (Lair:6)
  3 centaur zombies
  2 black mambas
  Maurice (D:8)
  An apocalypse crab (Abyss:3)
  2 ice statues (IceCv)
  Psyche (D:9)
  2 molten gargoyles (Lair:1)
  A spiny frog (shapeshifter) (D:15)
  8 spiny frogs
  4 gargoyles
  Joseph (D:8)
  3 centaur skeletons
  An efreet (D:15)
  An orange demon (Abyss:3)
  A komodo dragon (Lair:5)
  A yaktaur (D:14)
  A rime drake (Lair:4)
  An ancient zyme (Abyss:3)
  A hellwing (Abyss:3)
  7 ice devils (IceCv)
  A troll (shapeshifter) (D:13)
  4 trolls
  12 polar bears
  2 hornets
  A raiju (Abyss:3)
  A raiju (shapeshifter) (D:15)
  Prince Ribbit (D:6)
  13 blink frogs
  8 hippogriffs
  A vampire (D:14)
  3 shadows
  24 yaks
  3 wraiths
  A ynoxinul (Abyss:3)
  10 spriggans (D:8)
  5 wyverns
  5 fire bats (Lair:1)
  A human (D:14)
  A fire elemental (Lair:1)
  5 basilisks
  4 vampire mosquitoes (D:15)
  A steam dragon (D:4)
  A redback simulacrum (D:15)
  A soldier ant (D:11)
  11 water moccasins
  A soldier ant (shapeshifter) (D:14)
  2 acid dragons
  2 hell hounds (Volcano)
  A floating eye (shapeshifter) (D:15)
  3 porcupines
  2 sky beasts
  A swamp drake (D:9)
  3 ice beasts
  26 orc warriors
  A necrophage (D:9)
  12 black bears
  An eye of draining (shapeshifter) (D:15)
  An eye of draining (D:9)
  12 ogres
  12 centaurs
  A phantom (D:5)
  15 wolves
  8 crocodiles
  3 big kobolds
  18 bullfrogs
  5 water moccasin zombies (Ossuary)
  8 scorpions
  A wyvern skeleton (D:14)
  15 wights
  17 killer bees
  6 howler monkeys
  An electric eel (Lair:3)
  A bullfrog zombie (D:13)
  7 crimson imps
  A quasit (D:11)
  A lava snake (Lair:1)
  3 bullfrog skeletons
  6 jellies
  Crazy Yiuf (D:2)
  22 orc priests
  5 hounds
  3 iguanas
  21 orc wizards
  6 worker ants
  3 big kobold zombies (Ossuary)
  2 hound zombies
  3 hound skeletons
  2 mummies (Ossuary)
  3 worker ant zombies
  3 gnolls (D:6)
  A howler monkey skeleton (D:5)
  20 adders
  A naga simulacrum (Abyss:3)
  5 shadow imps
  17 white imps
  8 ufetubi (IceCv)
  An ooze (D:2)
  5 adder zombies
  4 worms
  4 dart slugs
  4 leopard geckos
  93 orcs
  4 ball pythons
  9 bats
  8 giant cockroaches
  6 gnoll zombies
  8 goblins
  7 hobgoblins
  16 jackals
  18 kobolds
  7 quokkas
  4 frilled lizards
  6 hobgoblin zombies (Ossuary)
  A jackal skeleton (D:4)
  4 kobold zombies (Ossuary)
  A leopard gecko skeleton (D:8)
  2 orc zombies (Ossuary)
  A quokka skeleton (D:8)
  7 rats
  A fungus (Lair:1)
  A plant (Lair:1)
795 creatures vanquished.

Vanquished Creatures (others)
  A two-headed ogre (Volcano)
  5 white imps
  4 ufetubi (IceCv)
  2 fungi (Lair:6)
  A plant (Lair:3)
13 creatures vanquished.

Grand Total: 808 creatures vanquished

Notes
Turn   | Place    | Note
-------+----------+-------------------------------------------
     0 | D:1      | Peloso the Minotaur Fighter began the quest for the Orb.
     0 | D:1      | Reached XP level 1. HP: 19/19 MP: 0/0
   113 | D:1      | Reached XP level 2. HP: 16/27 MP: 1/1
   351 | D:1      | Reached XP level 3. HP: 33/33 MP: 2/2
   975 | D:2      | Found an opulent altar of Gozag.
  1148 | D:2      | Reached XP level 4. HP: 34/40 MP: 3/3
  1223 | D:2      | Found a runed door.
  1361 | D:2      | Noticed Crazy Yiuf
  1365 | D:2      | Killed Crazy Yiuf
  1471 | D:2      | Reached XP level 5. HP: 38/46 MP: 4/4
  1748 | D:3      | Found a sacrificial altar of Ru.
  1911 | D:3      | Found an ornate altar of the Wu Jian Council.
  1916 | D:3      | Found a shadowy altar of Dithmenos.
  1935 | D:3      | Found a basalt altar of Yredelemnul.
  1947 | D:3      | Reached skill level 1 in Dodging
  2108 | D:4      | Got a polished dagger
  2109 | D:4      | Identified the +3 dagger of Sakk {freeze, Int+3} (You found it on level 4 of the Dungeon)
  2213 | D:4      | Reached skill level 5 in Long Blades
  2217 | D:4      | Reached XP level 6. HP: 46/53 MP: 5/5
  2301 | D:4      | Reached skill level 5 in Shields
  2367 | D:4      | Reached skill level 5 in Armour
  2644 | D:4      | Noticed a steam dragon
  2653 | D:4      | Killed a steam dragon
  2653 | D:4      | Reached XP level 7. HP: 21/60 MP: 6/6
  3041 | D:4      | Found a sparkling altar of Nemelex Xobeh.
  3187 | D:5      | Entered Level 5 of the Dungeon
  3665 | D:5      | Reached skill level 5 in Fighting
  4178 | D:6      | Reached XP level 8. HP: 68/69 MP: 7/7
  4190 | D:6      | Noticed a cyclops
  4193 | D:6      | Killed a cyclops
  4193 | D:6      | Reached skill level 1 in Stealth
  4294 | D:6      | HP: 1/71 [leopard gecko (4)]
  4721 | D:6      | Noticed Prince Ribbit
  4724 | D:6      | Found a staircase to the Ecumenical Temple.
  4765 | D:6      | Killed Prince Ribbit
  4765 | D:6      | Reached XP level 9. HP: 46/78 MP: 8/8
  4818 | Temple   | Entered the Ecumenical Temple
  4865 | Temple   | Became a worshipper of Warmaster Okawaru
  5123 | D:7      | Reached skill level 10 in Long Blades
  5265 | D:7      | Found a hazy altar of Hepliaklqana.
  5265 | D:7      | Found a bloodstained altar of Trog.
  5393 | D:7      | Reached * piety under Okawaru
  5606 | D:7      | Found a sand-covered staircase.
  5717 | Ossuary  | Entered an ossuary
  6048 | D:8      | Paralysed by a hornet for 2 turns
  6060 | D:8      | Reached ** piety under Okawaru
  6083 | D:8      | HP: 4/80 [poisoned by a hornet]
  6577 | D:8      | Reached XP level 10. HP: 68/88 MP: 9/9
  6589 | D:8      | Found a hide-covered altar of Uskayaw.
  6726 | D:8      | Reached *** piety under Okawaru
  6981 | D:8      | Noticed Maurice
  6993 | D:8      | Killed Maurice
  7206 | D:8      | Noticed Joseph
  7215 | D:8      | Killed Joseph
  7358 | D:8      | Found a shattered altar of Ashenzari.
  7508 | D:9      | Reached **** piety under Okawaru
  7525 | D:9      | Reached skill level 10 in Shields
  7534 | D:9      | Noticed Psyche
  7544 | D:9      | Killed Psyche
  7894 | D:9      | Noticed a two-headed ogre
  7906 | D:9      | Killed a two-headed ogre
  7906 | D:9      | Reached XP level 11. HP: 70/97 MP: 7/10
  8027 | D:9      | Found a staircase to the Lair.
  8034 | D:9      | Reached ***** piety under Okawaru
  8453 | D:10     | Entered Level 10 of the Dungeon
  9123 | D:11     | Reached skill level 10 in Armour
  9131 | D:11     | Received a gift from Okawaru
  9793 | D:11     | Noticed a two-headed ogre
  9797 | D:11     | Killed a two-headed ogre
  9799 | D:11     | Found a staircase to the Orcish Mines.
 10365 | D:12     | Noticed a deep elf mage
 10370 | D:12     | Killed a deep elf mage
 10370 | D:12     | Reached skill level 10 in Fighting
 10417 | D:12     | Received a gift from Okawaru
 10420 | D:12     | Got a twisted double sword {god gift}
 10421 | D:12     | Identified the +8 double sword "Bubriul" {protect, rPois rN+} (Okawaru gifted it to you on level 12 of the Dungeon)
 10482 | D:12     | Noticed a two-headed ogre
 10497 | D:12     | Killed a two-headed ogre
 10497 | D:12     | Reached XP level 12. HP: 80/106 MP: 11/11
 10672 | D:12     | Noticed Fannar
 10691 | D:12     | Killed Fannar
 11136 | Lair:1   | Entered Level 1 of the Lair of Beasts
 11212 | Lair:1   | Noticed an eight-headed hydra
 11510 | Lair:1   | Killed a two-headed hydra
 11510 | Lair:1   | Received a gift from Okawaru
 11522 | Lair:1   | Identified a +2 pair of boots of running (Okawaru gifted it to you on level 1 of the Lair of Beasts)
 12029 | Lair:1   | Reached skill level 15 in Long Blades
 12029 | Lair:1   | Reached skill level 1 in Axes
 13652 | Lair:2   | Noticed flt's ghost (journeyman TrMo)
 13666 | Lair:2   | Killed flt's ghost
 13666 | Lair:2   | Reached XP level 13. HP: 108/116 MP: 12/12
 14154 | Lair:3   | Reached ****** piety under Okawaru
 14218 | Lair:3   | Found a hole to the Spider Nest.
 14231 | Lair:3   | Received a gift from Okawaru
 14462 | Lair:3   | Found a staircase to the Shoals.
 14882 | Lair:4   | Noticed Nessos
 14892 | Lair:4   | Killed Nessos
 15710 | Lair:4   | You fall through a shaft for 2 floors!
 15710 | Lair:6   | Entered Level 6 of the Lair of Beasts
 15777 | Lair:6   | Found a dark tunnel.
 15809 | Volcano  | Entered a volcano
 16156 | Volcano  | Reached skill level 1 in Evocations
 17335 | Lair:6   | Reached skill level 5 in Dodging
 17402 | Lair:6   | Noticed a dire elephant
 17411 | Lair:6   | Killed a dire elephant
 17411 | Lair:6   | Received a gift from Okawaru
 17411 | Lair:6   | Reached XP level 14. HP: 52/126 MP: 13/13
 17947 | Lair:6   | Got a translucent plate armour
 17959 | Lair:6   | Identified the +6 plate armour "Leimeh" {*Corrode rC+ rN+ Dex+6} (You found it on level 6 of the Lair of Beasts)
 19072 | Lair:5   | Found a staircase to the Slime Pits.
 20237 | Orc:1    | Entered Level 1 of the Orcish Mines
 20528 | Orc:1    | Found a burning altar of Makhleb.
 20635 | Orc:1    | Found a roughly hewn altar of Beogh.
 20674 | Orc:2    | Entered Level 2 of the Orcish Mines
 20674 | Orc:2    | Found a frozen archway.
 20674 | Orc:2    | Noticed an orc warlord
 20714 | Orc:2    | Killed an orc warlord
 20714 | Orc:2    | Reached skill level 15 in Shields
 20716 | IceCv    | Entered an ice cave
 21381 | IceCv    | Found the +3 pair of gauntlets of War {Slay+5}
 21437 | IceCv    | Identified a +2 pair of boots of running (You found it in an ice cave)
 21505 | IceCv    | Noticed a reaper
 21516 | IceCv    | Killed a reaper
 22350 | Orc:2    | Found a staircase to the Elven Halls.
 22447 | Orc:2    | Received a gift from Okawaru
 22729 | Orc:2    | Found Kadeupim's Weapon Shop.
 22729 | Orc:2    | Found Emnum's Gadget Shop.
 22732 | Orc:2    | Found Pag Asot's Magic Scroll Emporium.
 22740 | Orc:2    | Found Umodd's Gadget Emporium.
 23892 | D:14     | Found a labyrinth entrance.
 23898 | Lab      | Entered a labyrinth
 24146 | Lab      | Reached XP level 15. HP: 136/136 MP: 15/15
 24738 | D:14     | Found a gate to the Vaults.
 24754 | D:14     | Got a crude dagger
 25029 | D:14     | Found a burning altar of Makhleb.
 25725 | D:15     | Entered Level 15 of the Dungeon
 25812 | D:15     | Received a gift from Okawaru
 25837 | D:15     | Found a staircase to the Depths.
 25921 | D:15     | Got a clouded silver ring
 25923 | D:15     | Identified the ring "Ejoleff" {*Tele rF+ MP-9 Int+3} (You found it on level 15 of the Dungeon)
 26313 | D:15     | Noticed Agnes
 26324 | D:15     | Killed Agnes
 26517 | D:15     | Noticed Rupert
 26530 | D:15     | Cast into level 3 of the Abyss (Rupert)
 26783 | Abyss:3  | Killed from afar by a blizzard demon

Skill      XL: |  1  2  3  4  5  6  7  8  9 10 11 12 13 14 15 |
---------------+----------------------------------------------+-----
Fighting       | 4 5 6 7 9 10 11 12 13 14 | 14.3
Long Blades    | 3 4 5 6 7 9 11 12 13 15 16 17 | 17.9
Armour         | 4 5 6 7 8 9 10 11 12 13 14 | 14.4
Shields        | 4 5 6 8 10 11 13 14 16 17 | 17.1
Dodging        | 1 2 3 4 5 |  5.6
Stealth        | 1 2 |  2.8
Axes           | 1 2 |  2.4
Evocations     | 1 |  1.3
Invocations    | |  0.2

Action                   |  1- 3 |  4- 6 |  7- 9 | 10-12 | 13-15 || total
-------------------------+-------+-------+-------+-------+-------++-------
Melee: Long sword        |    99 |    94 |   280 |   448 |       ||   921
       Headbutt          |    19 |    11 |    57 |   145 |   245 ||   477
       Double sword      |       |       |       |   252 |   975 ||  1227
       Hand axe          |       |       |       |     9 |    27 ||    36
Invok: Heroism           |       |       |       |     2 |     1 ||     3
Evoke: Wand              |       |       |       |     8 |     5 ||    13
  Use: Scroll            |       |     8 |    10 |     8 |     8 ||    34
       Potion            |       |       |     1 |     3 |     4 ||     8
 Stab: Paralysed         |       |     1 |       |       |       ||     1
       Petrified         |       |       |       |       |     4 ||     4
       Petrifying        |       |       |       |       |     1 ||     1
  Eat: Chunk             |       |     6 |     9 |    16 |    29 ||    60
       Ration            |       |       |     1 |     2 |     3 ||     6
Armor: Scale mail        |    37 |    12 |       |       |       ||    49
       Chain mail        |       |    35 |   139 |   272 |   116 ||   562
       Plate armour      |       |       |       |       |   398 ||   398
       Fire dragon scale |       |       |       |       |     4 ||     4
Dodge: Dodged            |    30 |    32 |    75 |   200 |   270 ||   607
Block: Shield            |    51 |    53 |   188 |   411 |   421 ||  1124
       Large shield      |       |       |       |       |   375 ||   375
       Rpst.: Long sword |     5 |     4 |    19 |    20 |       ||    48
       Double sword      |       |       |       |    20 |    46 ||    66
